 Dungeon Crawl Stone Soup version 0.28.0-53-g5a82cb258f (webtiles) character file.

Game seed: 11162020755246279870

311 Efemafry the Chopper (level 6, -10/52 HPs)
             Began as a Hill Orc Fighter on July 31, 2022.
             Mangled by an ogre
             ... wielding a +0 giant spiked club
              (18 damage)
             ... on level 4 of the Dungeon.
             The game lasted 00:08:34 (4288 turns).

Efemafry the Chopper (Hill Orc Fighter)             Turns: 4288, Time: 00:08:35

Health: -10/52     AC:  9    Str: 21    XL:     6   Next: 42%
Magic:  6/6        EV:  9    Int:  8    God:
Gold:   185        SH:  4    Dex: 10    Spells: 5/5 levels left

rFire   . . .      SeeInvis .   h - +2 dagger (holy)
rCold   . . .      Faith    .   c - +0 buckler
rNeg    . . .      Spirit   .   b - +0 scale mail
rPois   .          Reflect  .   (no helmet)
rElec   .          Harm     .   (no cloak)
rCorr   .          Rampage  .   r - +0 pair of gloves
Will    +....                   o - +0 pair of boots
Stlth   ..........              (no amulet)
HPRegen 0.17/turn               m - ring of willpower
MPRegen 0.10/turn               (no ring)

@: no status effects
A: no striking features
a: no special abilities


You were on level 4 of the Dungeon.
You visited 1 branch of the dungeon, and saw 5 of its levels.

You collected 185 gold pieces.

Inventory:

Hand Weapons
 a - a +0 war axe
 h - a +2 dagger of holy wrath (weapon)
Missiles
 k - 79 stones (quivered)
Armour
 b - a +0 scale mail (worn)
 c - a +0 buckler (worn)
 o - a +0 pair of boots (worn)
 r - a +0 pair of gloves (worn)
Jewellery
 m - a ring of willpower (left hand)
Scrolls
 e - a scroll of amnesia {unknown}
 f - 3 scrolls of identify {unknown}
 g - a scroll of holy word {unknown}
 i - a scroll of magic mapping {unknown}
 l - a scroll of enchant weapon {unknown}
 p - 2 scrolls of noise {unknown}
 q - a scroll of blinking {unknown}
Potions
 d - 2 potions of might
 j - a potion of haste {unknown}
 n - 2 potions of degeneration {unknown}


   Skills:
 + Level 4.2 Fighting
 + Level 3.0 Short Blades
 + Level 5.0 Axes
 + Level 3.9 Armour
 + Level 1.2 Dodging
 + Level 4.3 Shields


You had 5 spell levels left.
You didn't know any spells.
Your spell library was empty.

Dungeon Overview and Level Annotations

Branches:
Dungeon (5/15)
 Temple: D:4-7

Altars:
Uskayaw


Message History

The orc wizard shouts!
You hear a shout!
There is a stone staircase leading up here.
An orc wizard is nearby!
An orc wizard is nearby!
No reachable target in view!
No reachable target in view!
No reachable target in view!
An ogre comes into view. It is wielding a +0 giant spiked club.
The ogre shouts!
Found a short sword. 2 orc wizards come into view.
The orc wizard shouts! x2; You hear a shout! x2
An orc wizard comes into view. It is wielding a +0 dagger.
The orc wizard moves out of view.
The orc wizard casts a spell.
The orc wizard flickers and vanishes!
Deactivating autopickup; reactivate with Ctrl-A.
There is a stone staircase leading up here.
There are monsters nearby!
There are monsters nearby!
There are monsters nearby!
The ogre hits you with a +0 giant spiked club!!
There is a stone staircase leading up here.
You climb upwards.
Reactivating autopickup.
There is a stone staircase leading down here.
You hit the ogre.
The ogre is lightly wounded.
The ogre hits you with a +0 giant spiked club!!
Ouch! That really hurt!
* * * LOW HITPOINT WARNING * * *
You closely miss the ogre.
The ogre is lightly wounded.
You block the ogre's attack.
You barely miss the ogre.
The ogre is lightly wounded.
You barely miss the ogre.
The ogre is lightly wounded.
The ogre hits you with a +0 giant spiked club!!
You die...

###........##........#
##...........#.#....##
.............#..##.##
.##.#.#......#..######
.##.###.....[.....#..#
.....#..##..#........#
.##.................##
......#.....##...O###
.##.####.....#..@...##
..#.........##.......##
.#..........#.........#
.##.........##........#
.##...............#####
.............#..###.##
...#........#.....#..#
...##.......÷..≈≈....#
......##....≈.≈......#


You could see an ogre.

Vanquished Creatures
  A bullfrog skeleton (D:4)
  Jessica (D:2)
  3 orc wizards (D:3)
  Natasha (thrice) (D:2)
  An adder (D:2)
  2 worms
  4 dart slugs
  3 orcs
  10 endoplasms
  4 giant cockroaches
  8 goblins
  13 hobgoblins
  5 jackals
  3 quokkas
  9 ball pythons
  7 bats
  2 frilled lizards
  5 kobolds
  4 rats
88 creatures vanquished.

Notes
Turn   | Place    | Note
-------+----------+-------------------------------------------
     0 | D:1      | Efemafry the Hill Orc Fighter began the quest for the Orb.
     0 | D:1      | Reached XP level 1. HP: 19/19 MP: 1/1
   183 | D:1      | Reached skill level 3 in Axes
   226 | D:1      | Reached XP level 2. HP: 17/27 MP: 2/2
   473 | D:1      | Found a faded altar of an unknown god.
   753 | D:1      | Reached XP level 3. HP: 32/33 MP: 3/3
  1250 | D:2      | Reached skill level 4 in Axes
  1450 | D:2      | Reached XP level 4. HP: 37/40 MP: 4/4
  1528 | D:2      | Noticed Natasha
  1549 | D:2      | Killed Natasha
  1687 | D:2      | Noticed Natasha
  1709 | D:2      | Killed Natasha
  1710 | D:2      | Reached skill level 1 in Short Blades
  1710 | D:2      | Reached skill level 5 in Axes
  2022 | D:2      | Noticed Jessica
  2028 | D:2      | Killed Jessica
  2029 | D:2      | Reached XP level 5. HP: 40/46 MP: 5/5
  2104 | D:2      | Noticed Natasha
  2119 | D:2      | Killed Natasha
  3114 | D:3      | Reached XP level 6. HP: 48/52 MP: 6/6
  3841 | D:4      | Found a hide-covered altar of Uskayaw.
  3843 | D:4      | Noticed a +0 hand axe
  3843 | D:4      | Noticed a +0 dagger
  4005 | D:4      | Reached skill level 1 in Dodging
  4262 | D:5      | Entered Level 5 of the Dungeon
  4288 | D:4      | Mangled by an ogre

Illustrated notes

Levels and vault maps discovered:
D:1:      scummos_arrival_hexagon, layout_basic, ebering_ecumenical_altar_rust,
          minmay_cut_off
D:2:      minmay_spotlight, layout_loops_cross, uniq_jessica, uniq_natasha
D:3:      layout_loops_ring
D:4:      layout_cave_pools, dancing_weapons_uskayaw, serial_rivers,
          chequers_serial_rivers_micro_e, chequers_serial_rivers_micro_a,
          chequers_serial_rivers_small_b, chequers_serial_rivers_micro_e
D:5:      layout_loops_cross, minmay_temple_entry_proselytizer,
          gup_sewer_entry_spiral, minmay_a_box_with_orc_wizards_in_it,
          uniq_eustachio

Skill      XL: |  1  2  3  4  5  6 |
---------------+-------------------+-----
Axes           | 3 4 5 |  5.0
Fighting       | 4 |  4.2
Short Blades   | 1 2 3 |  3.0
Shields        | 4 |  4.3
Dodging        | 1 |  1.2
Armour         | |  3.9

Action                   |  1- 3 |  4- 6 || total
-------------------------+-------+-------++-------
Melee: War axe           |    73 |       ||    73
       Dagger            |    53 |   274 ||   327
Armor: Scale mail        |    63 |   118 ||   181
Dodge: Dodged            |    67 |   100 ||   167
Block: Buckler           |    30 |    41 ||    71
